 Dungeon Crawl Stone Soup version 0.29.1-4-g47bece8355 (webtiles) character file.

Game seed: 16902912921268152270

18253 dweek the Blocker (level 12, -12/172 HPs)
             Began as a Troll Fighter on Dec 5, 2022.
             Was a Believer of Jiyva.
             Mangled by a two-headed ogre
             ... wielding a +0 giant spiked club
              (16 damage)
             ... on level 15 of the Dungeon.
             The game lasted 00:31:42 (11350 turns).

dweek the Blocker (Troll Fighter)                  Turns: 11350, Time: 00:31:42

Health: -12/172    AC: 26    Str: 25    XL:     12   Next: 26%
Magic:  0/11       EV:  1    Int:  2    God:    Jiyva [**....]
Gold:   346        SH: 14    Dex: 27    Spells: 11/11 levels left

rFire   . . .      SeeInvis .   h - +5 dagger (venom)
rCold   . . .      Faith    .   c - +0 kite shield
rNeg    . . .      Spirit   +   (body armour currently unavailable)
rPois   +          Reflect  .   (helmet currently unavailable)
rElec   .          Harm     .   (cloak currently unavailable)
rCorr   +          Rampage  .   (gloves unavailable)
Will    .....      NoTele   +   (boots unavailable)
Stlth   +++.......              i - amulet of guardian spirit
HPRegen 2.14/turn               l - ring of poison resistance
MPRegen 0.42/turn               s - +6 ring of dexterity

@: mighty, tree-form
A: stationary, stasis, torment immunity, boosted hp, large, unfitting armour,
(claws 3), regeneration 1, (shaggy fur 3), (tough skin 1), agile 2, sense
surroundings 1, (poison resistance), (eyeballs 3), (pseudopods 2), (jelly
absorbing missiles)
a: Renounce Religion


You were on level 15 of the Dungeon.
You worshipped Jiyva.
Jiyva was pleased with you.
You were a tree.
You visited 1 branch of the dungeon, and saw 13 of its levels.

You collected 346 gold pieces.

Inventory:

Hand Weapons
 a - a +0 long sword
 f - a +3 spear of venom
 h - a +5 dagger of venom (weapon)
 p - a +4 quarterstaff of chaos
 t - a +4 scimitar of flaming
 x - a +2 vampiric battleaxe
Missiles
 j - 2 throwing nets
 v - 5 poisoned darts
Armour
 b - a +0 robe (melded)
 c - a +0 kite shield (worn)
 g - a +2 hat of see invisible (melded)
 q - a +2 cloak of willpower (melded)
Jewellery
 i - an amulet of guardian spirit (around neck)
 l - a ring of poison resistance (left branch)
 n - a ring of protection from cold
 s - a +6 ring of dexterity (right branch)
 w - a ring of ice
Wands
 m - a wand of roots (3) (quivered)
Scrolls
 e - 4 scrolls of identify
 r - 2 scrolls of teleportation


   Skills:
 + Level 6.6 Fighting
 + Level 7.6(7.8) Short Blades
 + Level 2.2(5.3) Long Blades
 + Level 8.6 Dodging
 + Level 4.4 Stealth
 + Level 10.4 Shields
 + Level 2.6 Evocations


You had 11 spell levels left.
You didn't know any spells.
Your spell library contained the following spells:

 Spells                   Type           Power      Damage    Failure   Level
 Sandblast                Erth           0%         2d4       75%         1
 Passwall                 Tmut/Erth      0%         N/A       87%         2
 Stone Arrow              Conj/Erth      0%         3d7       98%         3
 Passage of Golubria      Tloc           0%         N/A       100%        4
 Silence                  Hex/Air        0%         N/A       100%        5
 Lehudib's Crystal Spear  Conj/Erth      0%         10d2      100%        8


Dungeon Overview and Level Annotations

Branches:
Dungeon (15/15)            Temple (0/1) D:5            Lair (0/5) D:10
    Orc: D:9-12      Vaults: D:13-14     Depths: D:15

Altars:
Cheibriados
Gozag
Hepliaklqana
Makhleb
Okawaru
Qazlal
Xom
Zin
Jiyva

Shops:
D:3 [   D:6 *   D:8 *   D:15 :


Innate Abilities, Weirdness & Mutations

You are a tree.
Your roots penetrate the ground, keeping you stationary.
You cannot be teleported.
You are immune to unholy pain and torment.
Your maximum health is greatly increased.
Your equipment is partially melded.
You are too large for most types of armour.
((You have claws for hands.))
Your natural rate of healing is unusually fast.
((Your thick and shaggy fur keeps you warm. (AC +3, rC+)))
((You have tough skin. (AC +1)))
You are very agile. (Dex +8, Str/Int -2)
You passively map a small area around you.
((Your system is resistant to poisons. (rPois)))
((Your body is covered in eyes which may confuse attackers. (Acc +7, SInv)))
((Armour fits poorly on your large pseudopods.))
((You have a small jelly attached to you that may absorb projectiles.))


Message History

You block the centaur warrior's attack.
The centaur warrior kicks you but does no damage.
You puncture the two-headed ogre!
The two-headed ogre is poisoned.
The two-headed ogre is moderately wounded.
You block the centaur warrior's attack.
The centaur warrior kicks you but does no damage.
The centaur hits you but does no damage.
The centaur kicks you but does no damage.
You block the centaur warrior's attack.
The centaur warrior kicks you but does no damage.
The two-headed ogre hits you but does no damage.
You block the two-headed ogre's attack.
You cannot move.
You puncture the two-headed ogre!
The two-headed ogre is moderately wounded.
The centaur warrior hits you.
* * * LOW HITPOINT WARNING * * *
The centaur warrior kicks you but does no damage.
You block the centaur's attack.
The centaur kicks you but does no damage.
The centaur wields a +0 shortbow.
The centaur shoots an arrow.
The arrow hits you but does no damage.
The centaur warrior hits you but does no damage.
You block the centaur warrior's attack.
You puncture the centaur!
The centaur is heavily wounded.
You block the centaur's attack. x2; The centaur shoots an arrow.
You block the arrow.
The two-headed ogre hits you with a +0 dire flail.
* * * LOW HITPOINT WARNING * * *
The two-headed ogre hits you with a +0 giant spiked club!
* * * LOW HITPOINT WARNING * * *
The centaur warrior hits you.
* * * LOW HITPOINT WARNING * * *
The centaur warrior kicks you.
* * * LOW HITPOINT WARNING * * *
The two-headed ogre hits you with a +0 giant spiked club!
* * * LOW HITPOINT WARNING * * *
The two-headed ogre hits you with a +0 giant spiked club!
You die...

#......#.#........#
* ,
#......[........#.#
* *
#......##....####.#
#......#####....#.#
, #......# ####.#.#
, #......# #...#
#......# ###.. ,,
#cO.?..# #....
######c♣c...# #####
* .....OO.O...# ,
.#.§..cc....# *
#.§.§......#
,#..§.......# * *
,#..........# ,
.'....####### ,
.#.... , , ..... *
***


You could see 2 centaur warriors, 3 two-headed ogres, an ogre and 3 centaurs.

Vanquished Creatures
  Gastronok (D:8)
  Harold (D:10)
  A hydra (D:15)
  Fannar (D:10)
  A boulder beetle (D:14)
  An ogre mage (D:15)
  Erica (D:8)
  2 centaur warriors (D:14)
  A two-headed ogre (D:9)
  A wizard (D:15)
  3 ugly things (D:14)
  A cyclops (D:7)
  A manticore (D:15)
  2 unseen horror zombies (D:9)
  A komodo dragon (D:7)
  An unseen horror (D:10)
  2 tengu conjurers (D:15)
  3 trolls
  2 wraiths
  A vampire (D:7)
  A spriggan (D:7)
  A basilisk (D:8)
  6 yaks (D:9)
  2 steam dragons
  2 water moccasins
  A sky beast (D:7)
  4 orc warriors
  3 wolves (D:10)
  7 centaurs
  4 bullfrogs
  A necrophage (D:7)
  A gnoll sergeant (D:7)
  2 scorpions
  18 wights
  21 killer bees
  2 howler monkeys
  8 hounds
  A gnoll bouda (D:5)
  9 orc priests
  Crazy Yiuf (D:5)
  Jessica (D:2)
  6 orc wizards
  2 iguanas (D:7)
  2 howler monkey zombies (D:9)
  13 gnolls
  A river rat (D:7)
  6 adders
  A white imp (D:5)
  2 ufetubi
  2 worms
  3 dart slugs
  31 orcs
  3 bats
  An endoplasm (D:1)
  7 giant cockroaches
  3 goblins
  10 hobgoblins
  6 jackals
  7 kobolds
  2 quokkas (D:1)
  3 ball pythons
  A frilled lizard (D:3)
  3 rats
239 creatures vanquished.

Vanquished Creatures (collateral kills)
  A troll (D:10)
  A queen bee (D:10)
  4 killer bees (D:10)
6 creatures vanquished.

Vanquished Creatures (others)
  A tengu conjurer (D:14)
  An orc warrior (D:10)
  A kobold brigand (D:6)
  2 scorpions
  2 wights
  5 killer bees (D:7)
  2 electric eels (D:10)
  2 howler monkeys (D:8)
  35 jellies
  A hound (D:4)
  An orc priest (D:4)
  An iguana (D:7)
  An orc wizard (D:9)
  A killer bee zombie (D:9)
  3 gnolls
  An ufetubus (D:4)
  A dart slug (D:1)
  An endoplasm (D:7)
  7 orcs
  A giant cockroach (D:3)
  A goblin (D:1)
  4 hobgoblins
  3 ball pythons
  A bat (D:3)
  5 kobolds
  5 rats
  3 plants (D:7)
  10 withered plants (D:9)
102 creatures vanquished.

Grand Total: 347 creatures vanquished

Notes
Turn   | Place    | Note
-------+----------+-------------------------------------------
     0 | D:1      | dweek the Troll Fighter began the quest for the Orb.
     0 | D:1      | Reached XP level 1. HP: 22/22 MP: 0/0
   142 | D:1      | Found a faded altar of an unknown god.
   157 | D:1      | Prayed at the altar of an unknown god.
   157 | D:1      | Became a worshipper of Jiyva Juimafie the Shapeless
   157 | D:1      | Reached * piety under Jiyva
   194 | D:1      | Reached XP level 2. HP: 29/29 MP: 1/1
   235 | D:1      | Reached skill level 3 in Shields
   448 | D:1      | Reached ** piety under Jiyva
   601 | D:1      | Reached XP level 3. HP: 36/36 MP: 2/2
   697 | D:2      | Noticed Jessica
   711 | D:2      | Killed Jessica
   731 | D:2      | Found a burning altar of Makhleb.
   838 | D:2      | Reached XP level 4. HP: 43/44 MP: 3/3
  1135 | D:2      | Reached *** piety under Jiyva
  1491 | D:3      | Reached skill level 1 in Short Blades
  1491 | D:3      | Reached XP level 5. HP: 49/53 MP: 4/4
  1784 | D:3      | Found Boafowk Ixoch's Armour Boutique.
  1786 | D:3      | Gained mutation: Your system is resistant to poisons.
                  | (rPois) [Jiyva's grace]
  1786 | D:3      | Gained mutation: You are agile. (Dex +4, Str/Int -1)
                  | [Jiyva's grace]
  1786 | D:3      | Gained mutation: You are very agile. (Dex +8, Str/Int -2)
                  | [Jiyva's grace]
  1786 | D:3      | Gained mutation: You passively map a small area around you.
                  | [Jiyva's grace]
  3051 | D:4      | Reached skill level 4 in Shields
  3051 | D:4      | Reached XP level 6. HP: 60/61 MP: 5/5
  3399 | D:5      | Entered Level 5 of the Dungeon
  3610 | D:5      | Found a staircase to the Ecumenical Temple.
  3780 | D:5      | Found a runed translucent door.
  3781 | D:5      | Noticed Crazy Yiuf
  4055 | D:5      | Gained mutation: You are covered in thick fur. (AC +2)
                  | [Jiyva's grace]
  4055 | D:5      | Gained mutation: Your thick and shaggy fur keeps you warm.
                  | (AC +3, rC+) [Jiyva's grace]
  4055 | D:5      | Gained mutation: Armour fits poorly on your pseudopods.
                  | [Jiyva's grace]
  4055 | D:5      | Gained mutation: Armour fits poorly on your large
                  | pseudopods. [Jiyva's grace]
  4058 | D:5      | Found a glowing drain.
  4186 | D:5      | Killed Crazy Yiuf
  4187 | D:5      | Reached XP level 7. HP: 59/67 MP: 2/6
  4378 | D:6      | Found Plog's Elemental Accessories.
  4453 | D:6      | Reached skill level 1 in Stealth
  4714 | D:6      | Found an iron altar of Okawaru.
  4869 | D:6      | Noticed a wraith
  4876 | D:6      | Killed a wraith
  5248 | D:7      | Reached skill level 5 in Shields
  5248 | D:7      | Reached XP level 8. HP: 69/78 MP: 4/7
  5462 | D:7      | Reached skill level 1 in Evocations
  5513 | D:7      | Found a shimmering altar of Xom.
  5513 | D:7      | Found a hazy altar of Hepliaklqana.
  5514 | D:7      | Found an opulent altar of Gozag.
  5983 | D:7      | Reached skill level 5 in Dodging
  5983 | D:7      | Reached XP level 9. HP: 49/69 MP: 8/8
  6246 | D:7      | Noticed a cyclops
  6253 | D:7      | Noticed a komodo dragon
  6258 | D:7      | Reached skill level 6 in Shields
  6258 | D:7      | Noticed a troll
  6272 | D:7      | Killed a cyclops
  6273 | D:7      | Reached skill level 5 in Short Blades
  6280 | D:7      | Killed a komodo dragon
  6290 | D:7      | Killed a troll
  6291 | D:7      | Reached skill level 5 in Fighting
  6638 | D:7      | Found a glowing silver altar of Zin.
  6638 | D:7      | Noticed an angel
  7436 | D:8      | Noticed Erica
  7787 | D:8      | Noticed Gastronok
  7826 | D:8      | Killed Gastronok
  7827 | D:8      | Reached skill level 7 in Shields
  7827 | D:8      | Reached XP level 10. HP: 38/96 MP: 5/9
  8061 | D:8      | Found Umyetot's Fire Supplies.
  8558 | D:8      | Killed Erica
  8873 | D:9      | Reached skill level 8 in Shields
  8985 | D:9      | Reached XP level 11. HP: 105/105 MP: 10/10
  9081 | D:9      | Gained mutation: You have a small jelly attached to you
                  | that may absorb projectiles. [Jiyva's grace]
  9081 | D:9      | Gained mutation: Your body has grown eyes which may confuse
                  | attackers. (Acc +3) [Jiyva's grace]
  9081 | D:9      | Gained mutation: Your body has grown many eyes which may
                  | confuse attackers. (Acc +5) [Jiyva's grace]
  9081 | D:9      | Gained mutation: Your body is covered in eyes which may
                  | confuse attackers. (Acc +7, SInv) [Jiyva's grace]
  9134 | D:9      | Noticed a two-headed ogre
  9170 | D:9      | Killed a two-headed ogre
  9367 | D:9      | Found a snail-covered altar of Cheibriados.
  9804 | D:10     | Entered Level 10 of the Dungeon
  9919 | D:10     | Noticed Fannar
  9942 | D:10     | Reached skill level 9 in Shields
  9968 | D:10     | Killed Fannar
 10259 | D:10     | Noticed Harold
 10280 | D:10     | Killed Harold
 10485 | D:10     | Found a staircase to the Lair.
 10585 | D:11     | Found a stormy altar of Qazlal.
 10585 | D:11     | You fall into a shaft and drop 3 floors!
 10631 | D:14     | Noticed a centaur warrior
 10650 | D:14     | Killed a centaur warrior
 10653 | D:14     | Noticed a centaur warrior
 10666 | D:14     | Killed a centaur warrior
 10706 | D:14     | Noticed a cyan ugly thing
 10707 | D:14     | Noticed a cyan ugly thing
 10710 | D:14     | Noticed a cyan ugly thing
 10743 | D:14     | Noticed a boulder beetle
 10755 | D:14     | Killed a cyan ugly thing
 10755 | D:14     | Killed a brown ugly thing
 10756 | D:14     | Reached skill level 10 in Shields
 10759 | D:14     | Killed a cyan ugly thing
 10768 | D:14     | Killed a boulder beetle
 10769 | D:14     | Reached XP level 12. HP: 29/115 MP: 11/11
 11046 | D:15     | Entered Level 15 of the Dungeon
 11133 | D:15     | Found Igirel's Book Emporium.
 11142 | D:15     | Noticed a six-headed hydra
 11160 | D:15     | Killed a six-headed hydra
 11317 | D:15     | Noticed a centaur warrior
 11318 | D:15     | Noticed a centaur warrior
 11319 | D:15     | Noticed a two-headed ogre
 11319 | D:15     | Noticed an ogre mage
 11331 | D:15     | Noticed a two-headed ogre
 11335 | D:15     | Noticed a two-headed ogre
 11344 | D:15     | Killed an ogre mage
 11350 | D:15     | HP: 4/172 [two-headed ogre/+0 giant spiked club (15)]
 11350 | D:15     | Mangled by a two-headed ogre

Illustrated notes

Levels and vault maps discovered:
D:1:      onia_arrival_pyramid, layout_basic, shapermc_ecumenical_altar_venn,
          wad_floor_pattern_untrapped, minmay_cut_off
D:2:      minmay_wonky_spiral, layout_loops_cross, basic_altar, uniq_jessica
D:3:      layout_basic, serial_shops, shop, grunt_decor_arrowhead,
          grunt_decor_mini_mirrors, minmay_vboxes
D:4:      layout_loops_corners
D:5:      layout_basic, minmay_temple_entry_tees, cheibrodos_sewer_entry_bend,
          minmay_misc_feat_tiny, uniq_crazy_yiuf_cottage
D:6:      layout_basic, okawaru_altar_gauntlet_db, nicolae_elemental_shop,
          palyth_stone_intersect
D:7:      minmay_chambers_of_sevens, layout_cave_pools,
          gammafunk_temple_overflow_forgotten, zin_angel, serial_glass,
          glass_columns_a, glass_columns_a
D:8:      layout_gridville, nicolae_shop_fire_sale [nicolae_sub_dead_trees],
          uniq_erica, uniq_gastronok
D:9:      layout_small_grid, mainiacjoe_overflow_24_doors, serial_undead,
          serial_undead_e, serial_undead_c, serial_undead_b, serial_undead_e,
          serial_undead_a, serial_undead_e
D:10:     layout_loops_ring, erik_lair_island, minivault_7, uniq_harold,
          uniq_fannar
D:11:     layout_roguey [special_room_kobold], erik_orc_2, serial_demonic,
          serial_demonic_f, serial_demonic_b, serial_demonic_c,
          serial_demonic_a, ebering_ghost_inner_flame,
          nicolae_qazlal_style_of_elements
D:14:     layout_grid_maze, minmay_misc_feat_hallway
D:15:     grunt_enter_depths_hoard, layout_basic, serial_shops, shop

Skill      XL: |  1  2  3  4  5  6  7  8  9 10 11 |
---------------+----------------------------------+-----
Shields        | 3 4 5 7 8 10 | 10.4
Long Blades    | 2 |  2.2
Dodging        | 3 4 5 6 7 8 |  8.6
Fighting       | 3 4 5 6 |  6.6
Short Blades   | 1 2 3 4 5 6 7 |  7.6
Stealth        | 1 2 3 4 |  4.4
Evocations     | 1 2 |  2.6

Action                   |  1- 3 |  4- 6 |  7- 9 | 10-12 || total
-------------------------+-------+-------+-------+-------++-------
Melee: Long sword        |    40 |       |       |       ||    40
       Dagger            |    51 |   176 |   194 |   426 ||   847
       Pseudopods        |       |     1 |    70 |   132 ||   203
Invok: Oozemancy         |       |     7 |     6 |     7 ||    20
Evoke: Wand              |       |     6 |    16 |     9 ||    31
  Use: Scroll            |     2 |     1 |     8 |     3 ||    14
       Potion            |       |     2 |     9 |     8 ||    19
 Stab: Sleeping          |       |     1 |     3 |     3 ||     7
       Invisible         |       |       |     1 |       ||     1
       Distracted        |       |       |       |     1 ||     1
       Confused          |       |       |       |    13 ||    13
Armor: Robe              |    25 |    33 |    37 |    95 ||   190
       Skin              |       |       |       |    58 ||    58
Dodge: Dodged            |    38 |    48 |    86 |   263 ||   435
Block: Kite shield       |    46 |    71 |   129 |   356 ||   602
